 Dungeon Crawl Stone Soup version 0.28.0-53-g5a82cb258f (webtiles) character file.

Game seed: 7595832562805919514

3948 DocClef the Cleaver (level 10, -1/91 HPs)
             Began as a White Draconian Fighter on June 15, 2022.
             Was a Priest of Okawaru.
             Slain by a sky beast (6 damage)
             ... on level 8 of the Dungeon.
             The game lasted 00:08:33 (8906 turns).

DocClef the Cleaver (White Draconian Fighter)       Turns: 8906, Time: 00:08:34

Health: -1/91      AC:  7    Str: 27    XL:     10   Next: 2%
Magic:  17/19      EV: 18    Int:  3    God:    Okawaru [***...]
Gold:   516        SH:  6    Dex: 11    Spells: 9/9 levels left

rFire   + + +      SeeInvis .   a - +2 war axe
rCold   + . .      Faith    .   b - +1 buckler
rNeg    + . .      Spirit   .   (armour unavailable)
rPois   .          Reflect  .   (helmet restricted)
rElec   .          Harm     .   (no cloak)
rCorr   .          Rampage  .   (no gloves)
Will    .....                   (no boots)
Stlth   +++.......              (no amulet)
HPRegen 0.25/turn               f - ring "Attugis" {rF+++ rN+ MP+9 Str+4 Int-5}
MPRegen 0.16/turn               m - +4 ring of evasion

@: heroic
A: breathe frost, AC +7, unfitting armour, cold resistance 1, cold-blooded
a: Breathe Frost, Renounce Religion, Heroism


You were on level 8 of the Dungeon.
You worshipped Okawaru.
Okawaru was most pleased with you.
You visited 2 branches of the dungeon, and saw 9 of its levels.

You collected 516 gold pieces.

Inventory:

Hand Weapons
 a - a +2 war axe (weapon)
Missiles
 r - a throwing net (quivered)
Armour
 b - a +1 buckler (worn)
Jewellery
 f - the ring "Attugis" (left hand) {rF+++ rN+ MP+9 Str+4 Int-5}
   (You acquired it on level 5 of the Dungeon)

   [ring of positive energy]

   Str:       It affects your strength (+4).
   Int:       It affects your intelligence (-5).
   rF:        It renders you almost immune to fire.
   rN:        It protects you from negative energy.
   MP:        It affects your magic capacity (+9).
 m - a +4 ring of evasion (right hand)
 t - a ring of willpower
Scrolls
 e - 2 scrolls of enchant armour
 j - 4 scrolls of teleportation {unknown}
 l - a scroll of immolation {unknown}
 n - a scroll of torment {unknown}
 p - a scroll of blinking {unknown}
 q - a scroll of holy word {unknown}
 s - a scroll of magic mapping {unknown}
 u - 2 scrolls of enchant weapon
 v - a scroll of identify
Potions
 c - 2 potions of might
 d - 3 potions of curing
 g - a potion of heal wounds {unknown}
 h - 2 potions of resistance
 i - a potion of flight
 k - a potion of haste {unknown}
 o - 2 potions of attraction


   Skills:
 - Level 9.0(14.0) Fighting
 + Level 12.4(17.4) Axes
 - Level 2.6(7.6) Dodging
 - Level 3.0(8.0) Shields


You had 9 spell levels left.
You didn't know any spells.
Your spell library contained the following spells:

 Spells                   Type           Power      Damage    Failure   Level
 Freeze                   Ice            0%         1d3       58%         1
 Sting                    Tmut/Pois      0%         1d3       58%         1
 Poisonous Vapours        Pois/Air       0%         N/A       75%         2
 Frozen Ramparts          Ice            0%         1d2       92%         3
 Hailstorm                Conj/Ice       0%         3d3       100%        4
 Olgreb's Toxic Radiance  Pois           0%         N/A       100%        4
 Blade Hands              Tmut           0%         N/A       100%        5
 Irradiate                Conj/Tmut      0%         3d14      100%        5
 Dragon Form              Tmut           0%         N/A       100%        7


Dungeon Overview and Level Annotations

Branches:
Dungeon (8/15)             Temple (1/1) D:5
   Lair: D:8-11

Altars:
Ashenzari
Cheibriados
Dithmenos
Elyvilon
Fedhas
Gozag
Hepliaklqana
Makhleb
Nemelex Xobeh
Okawaru
Qazlal
Ru
Sif Muna
Trog
Uskayaw
Vehumet
Wu Jian
Xom
Yredelemnul
The Shining One

Shops:
D:1 (   D:6 *

Annotations:
D:4 1 runed translucent door, Crazy Yiuf


Innate Abilities, Weirdness & Mutations

You can breathe waves of freezing cold which knock back foes.
Your icy white scales are hard. (AC +7)
You cannot fit into any form of body armour.
Your flesh is cold resistant. (rC+)
You are cold-blooded and may be slowed by cold attacks.


Message History

The acid dragon barely misses you.
You slash the acid dragon!
The acid dragon is heavily wounded.
The acid dragon closely misses you.
The acid dragon claws you but does no damage.
You hit the acid dragon. You tail-slap the acid dragon.
The acid dragon is severely wounded.
You barely miss the water moccasin. The water moccasin bites you.
* * * LOW HITPOINT WARNING * * *
The acid dragon spits acid at you. The splash of acid misses you.
The water moccasin misses you.
You hear an angry hiss.
You gain the combat prowess of a mighty hero.
The water moccasin barely misses you.
The sky beast flickers out of sight!
Deactivating autopickup; reactivate with Ctrl-A.
The acid dragon misses you.
The acid dragon claws you but does no damage.
You closely miss the acid dragon.
Your tail-slap misses the acid dragon.
The acid dragon is severely wounded.
You slice the water moccasin!!
The water moccasin completely misses you.
The acid dragon closely misses you. You block the acid dragon's attack.
You closely miss the acid dragon.
The acid dragon is severely wounded.
You hit the water moccasin.
You kill the water moccasin!
Okawaru accepts your kill.
You slash the acid dragon!
You kill the acid dragon!
Okawaru accepts your kill.
Okawaru will now gift you ammunition as you gain piety.
A water moccasin comes into view.
You have reached level 10!
Something hits you but does no damage. Something barely misses you.
Something hits you but does no damage. Something hits you.
* * * LOW HITPOINT WARNING * * *
Something shocks you.
You die...

#.#.#.........#
.#.?..........#
.......<....S.# #
.........#......
.# #........#
##......
#.......### ....
##........# .....
#......S.###......
#......#...@..#
..........##..#
........... ....#
...........#.#..#
...#.......###...#
.###......# ....
###..... .#. ##.#
.#


You could see a water moccasin.

Vanquished Creatures
  Maggie (D:7)
  A troll (D:7)
  Grinder (D:6)
  A wyvern (D:5)
  An acid dragon (D:8)
  Edmund (D:5)
  3 water moccasins
  Duvessa (D:5)
  A hornet zombie (D:6)
  2 necrophages (D:5)
  An ice beast (D:6)
  A sky beast (D:7)
  A black bear (D:7)
  An ogre (D:7)
  A centaur (D:6)
  A kobold brigand (D:5)
  3 bullfrogs
  2 scorpions
  A water moccasin zombie (D:5)
  Dowan (D:5)
  7 wights
  3 howler monkeys (D:7)
  8 hounds
  3 jellies
  3 bullfrog skeletons
  2 orc priests
  2 centaur skeletons
  2 orc wizards
  A hound zombie (D:5)
  6 adders
  9 gnolls
  3 adder skeletons (D:4)
  3 worms (D:2)
  4 dart slugs
  20 orcs
  10 endoplasms
  2 giant cockroaches (D:4)
  6 hobgoblins
  7 jackals
  14 kobolds
  2 quokkas
  2 ball pythons
  6 bats
  A frilled lizard (D:2)
  2 goblins
  14 rats
168 creatures vanquished.

Vanquished Creatures (others)
  11 fungi (D:5)
  A plant (D:5)
12 creatures vanquished.

Grand Total: 180 creatures vanquished

Notes
Turn   | Place    | Note
-------+----------+-------------------------------------------
     0 | D:1      | DocClef the Draconian Fighter began the quest for the Orb.
     0 | D:1      | Reached XP level 1. HP: 19/19 MP: 1/1
    83 | D:1      | Found Ocvy's Weapon Boutique.
   397 | D:1      | Reached XP level 2. HP: 27/27 MP: 2/2
  1032 | D:2      | Reached XP level 3. HP: 34/34 MP: 3/3
  1063 | D:2      | You fall into a shaft and drop 2 floors!
  1076 | D:4      | Reached skill level 5 in Fighting
  1076 | D:4      | Reached XP level 4. HP: 22/42 MP: 4/4
  1091 | D:4      | Noticed a water moccasin
  1276 | D:4      | Killed a water moccasin
  1277 | D:4      | Reached XP level 5. HP: 7/51 MP: 5/5
  2023 | D:2      | Found a faded altar of an unknown god.
  2214 | D:2      | Reached XP level 6. HP: 43/60 MP: 6/6
  2369 | D:2      | Found a broken altar of Ashenzari.
  3028 | D:3      | Found a shimmering blue altar of Sif Muna.
  4016 | D:4      | Found a runed translucent door.
  4017 | D:4      | Noticed Crazy Yiuf
  4254 | D:4      | Your scales start taking on an icy white colour.
  4254 | D:4      | Reached XP level 7. HP: 67/69 MP: 7/7
  4254 | D:4      | Gained mutation: Your flesh is cold resistant. (rC+) [White
                  | Draconian growth]
  4565 | D:5      | Entered Level 5 of the Dungeon
  4574 | D:5      | Reached skill level 3 in Axes
  4643 | D:5      | Found a staircase to the Ecumenical Temple.
  4688 | Temple   | Entered the Ecumenical Temple
  4849 | Temple   | Became a worshipper of Warmaster Okawaru
  4959 | D:5      | Reached skill level 4 in Axes
  5033 | D:5      | Reached skill level 5 in Axes
  5228 | D:5      | Found a blossoming altar of Fedhas.
  5235 | D:5      | Found a burning altar of Makhleb.
  5262 | D:5      | Noticed Duvessa
  5262 | D:5      | Noticed Dowan
  5262 | D:5      | Noticed Edmund
  5565 | D:6      | Reached XP level 8. HP: 22/75 MP: 8/8
  5889 | D:6      | Reached skill level 6 in Axes
  6088 | D:6      | Reached * piety under Okawaru
  6204 | D:6      | Found Zeno Nik's Lightly-Used Armoury.
  6215 | D:6      | Noticed Grinder
  6221 | D:6      | Killed Grinder
  6222 | D:6      | Reached skill level 7 in Axes
  6267 | D:6      | Reached skill level 8 in Axes
  6909 | D:5      | Reached skill level 9 in Axes
  7076 | D:5      | Killed Edmund
  7077 | D:5      | Reached XP level 9. HP: 40/83 MP: 9/9
  7321 | D:5      | Killed Duvessa
  7339 | D:5      | Killed Dowan
  7560 | D:5      | Reached skill level 10 in Axes
  7770 | D:5      | Identified a scroll of acquirement
  7770 | D:5      | Acquired the ring "Attugis" {rF+++ rN+ MP+9 Str+4 Int-5}
  7890 | D:7      | Reached ** piety under Okawaru
  7997 | D:7      | Found a stormy altar of Qazlal.
  8484 | D:7      | Reached skill level 11 in Axes
  8669 | D:7      | Noticed Maggie
  8689 | D:7      | Killed Maggie
  8836 | D:7      | Noticed a troll
  8850 | D:7      | Killed a troll
  8851 | D:7      | Reached skill level 12 in Axes
  8900 | D:8      | Reached *** piety under Okawaru
  8901 | D:8      | Reached XP level 10. HP: 7/91 MP: 10/10
  8906 | D:8      | Slain by a sky beast

Illustrated notes

Levels and vault maps discovered:
D:1:      sevenhm_arrival_forest_fort_small_3, layout_basic, serial_shops,
          nicolae_square_shop
D:2:      minmay_general_purpose_star, layout_loops_ring,
          ebering_ecumenical_altar_webs, basic_altar, minmay_rat_gold_closets
D:3:      layout_loops_corners, lemuel_round_altar, cheibrodos_gnoll_hut
D:4:      layout_rooms, minmay_pentangle, uniq_crazy_yiuf_cottage
D:5:      layout_rooms, mainiacjoe_overflow_big_doors, minmay_temple_entry_tees,
          serial_aquarium, aquarium_bridge_straight [aquarium_subvault_bridge,
          aquarium_subvault_wall, aquarium_subvault_bridge,
          aquarium_subvault_wall], aquarium_window_1, aquarium_window_fake,
          aquarium_window_1, aquarium_window_1, aquarium_view_2b,
          aquarium_balcony_1b, aquarium_pool_corner, serial_bayou_pond_e,
          chequers_serial_rivers_small_b, kennysheep_generic_room_4,
          uniq_edmund, uniq_duvessa
D:6:      layout_loops_ring, dk_noncrumbling_4, minmay_shop_damaged,
          uniq_grinder
D:7:      layout_gridville, mainiacjoe_overflow_brackets, minmay_joined_circles,
          uniq_maggie
D:8:      layout_cave_pools, nicolae_overflow_hidden_temple
Temple:   regret_index_temple_sphere_string

Skill      XL: |  1  2  3  4  5  6  7  8  9 |
---------------+----------------------------+-----
Fighting       | 4 5 6 7 8 9 |  9.0
Axes           | 5 9 12 | 12.4
Dodging        | |  2.6
Shields        | |  3.0

Action                   |  1- 3 |  4- 6 |  7- 9 | 10-12 || total
-------------------------+-------+-------+-------+-------++-------
Melee: War axe           |    80 |   153 |   268 |       ||   501
       Tailslap          |    13 |    21 |    38 |       ||    72
Invok: Heroism           |       |       |     4 |       ||     4
 Abil: Breathe Frost     |       |       |     3 |       ||     3
  Use: Scroll            |       |     4 |     4 |       ||     8
       Potion            |       |     1 |     2 |       ||     3
 Stab: Sleeping          |     2 |       |       |       ||     2
Armor: Skin              |    31 |    64 |    71 |     2 ||   168
Dodge: Dodged            |    72 |    85 |   175 |     1 ||   333
Block: Buckler           |    27 |    58 |    74 |       ||   159
